 Dungeon Crawl Stone Soup version 0.21.0-3-g78d12a8 (webtiles) character file.

5399 Lovchig the Cleaver (level 10, -2/91 HPs)
             Began as a Deep Dwarf Fighter on Jan 14, 2018.
             Was a Believer of Makhleb.
             Killed from afar by an oklob sapling (16 damage)
             ... with a splash of acid
             ... on level 8 of the Dungeon.
             The game lasted 00:22:10 (6752 turns).

Lovchig the Cleaver (Deep Dwarf Fighter)            Turns: 6752, Time: 00:22:10

Health: -2/91      AC:  4    Str: 24    XL:     10   Next: 40%
Magic:  9/9        EV:  8    Int: 11    God:    Makhleb [**....]
Gold:   776        SH: 11    Dex: 12    Spells: 9/9 levels left

rFire    + + .     SeeInvis +   a - +4 war axe (flame)
rCold    . . .     Gourm    .   c - +0 shield
rNeg     . . .     Faith    .   i - +0 plate armour
rPois    .         Spirit   .   m - +0 helmet
rElec    .         Reflect  .   C - scarf {cloud immunity}
rCorr    .         Harm     .   (no gloves)
MR       +....     Rnd*Tele +   g - +0 pair of boots of Jigsaw {*Corrode rF++ MP+9 Int+3}
Stlth    ..........             (no amulet)
HPRegen  0.00/turn              B - ring of teleportation (curse)
MPRegen  0.11/turn              x - ring of see invisible

@: corroded, non-regenerating, very slow
A: damage resistance, heal wounds, sense surroundings 2, no regeneration
a: Heal Wounds, Minor Destruction, Renounce Religion


You were on level 8 of the Dungeon.
You worshipped Makhleb.
Makhleb was pleased with you.
You were hungry.

You visited 1 branch of the dungeon, and saw 8 of its levels.
You also visited: Ossuary.

You collected 776 gold pieces.

Inventory:

Hand Weapons
 a - a +4 war axe of flaming (weapon)
 r - the +3 dagger "Xerucs" {pain, rC+ Int+2 SInv, unknown}
   (You found it on level 5 of the Dungeon)

   In the hands of one skilled in necromantic magic, it inflicts extra damage on
   living creatures.
   It affects your intelligence (+2).
   It protects you from cold.
   It lets you see invisible.
Armour
 c - a +0 shield (worn)
 g - the +0 pair of boots of Jigsaw (worn) {*Corrode rF++ MP+9 Int+3}
   (You found it on level 5 of the Dungeon)

   It affects your intelligence (+3).
   It greatly protects you from fire.
   It affects your magic capacity (+9).
   It may corrode you when you take damage.
 i - a +0 plate armour (worn)
 m - a +0 helmet (worn)
 C - a scarf of cloud immunity (worn)
Jewellery
 x - a ring of see invisible (right hand)
 y - an uncursed ring of stealth
 z - an uncursed ring of protection from cold
 B - a cursed ring of teleportation (left hand)
Wands
 q - a wand of flame (1)
 A - a wand of iceblast (15)
Scrolls
 b - 2 scrolls of amnesia
 j - 3 scrolls of blinking
 n - 3 scrolls of teleportation
 D - 2 scrolls of remove curse
 E - a scroll of fear {unknown}
Potions
 d - a potion of might
 e - 2 potions of flight
 h - 2 potions of curing
 k - 3 potions of lignification
 l - 2 potions of haste
 o - a potion of invisibility {unknown}
 s - 3 potions of mutation {unknown}
 t - a potion of berserk rage {unknown}
 u - 2 potions of brilliance {unknown}
 v - 4 potions of heal wounds {unknown}
 w - a potion of magic {unknown}
Books
 F - a book of Necromancy

   Spells                             Type                      Level
   a - Pain                           Necromancy                   1
   b - Animate Skeleton               Necromancy                   1
   c - Vampiric Draining              Necromancy                   3
   d - Regeneration                   Charms/Necromancy            3
   e - Animate Dead                   Necromancy                   4
   f - Borgnjor's Vile Clutch         Necromancy/Earth             5
Comestibles
 f - 17 rations


   Skills:
 * Level 6.0 Fighting
 * Level 10.7 Axes
 * Level 7.4 Armour
 * Level 5.5 Dodging
 * Level 8.5 Shields


You had 9 spell levels left.
You didn't know any spells.

Dungeon Overview and Level Annotations

Branches:
Dungeon (8/15)             Temple (0/1) D:7
   Lair: D:8-11

Altars:
Gozag
Makhleb
Qazlal
Vehumet

Shops:
D:6 :

Annotations:
D:8 exclusions: oklob plant and oklob sapling


Innate Abilities, Weirdness & Mutations

You are resistant to damage.
You can heal yourself by infusing magical energy.
You passively map the area around you.
You do not regenerate.


Message History

You hit the plant but do no damage.
The plant is heavily damaged.
Your unstable footing causes you to fumble your attack.
The oklob sapling spits acid at you. The splash of acid hits you!
* * * LOW HITPOINT WARNING * * *
You are splashed with acid!
The acid burns!
* * * LOW HITPOINT WARNING * * *
You hit the plant. You burn the plant.
The plant is heavily damaged.
The oklob sapling spits acid at you. The splash of acid hits you!
The acid corrodes you!
You are splashed with acid!
The acid burns!
* * * LOW HITPOINT WARNING * * *
You hit the plant but do no damage.
The plant is heavily damaged.
You feel better. The oklob sapling spits acid at you.
The splash of acid hits you!
You die...

# ####.♣♣♣♣ ♣♣...<....≈≈♣ ##
### #.≈≈P♣ ♣♣.(.♣♣≈≈≈≈♣♣ * #
..## ##≈≈♣♣!♣≈♣♣♣♣♣≈≈≈≈≈♣, #
...# #.≈≈♣. P≈≈♣≈≈≈≈≈≈♣♣,
...# #...♣.♣♣♣≈≈♣♣≈≈≈≈≈..
...# ###...♣♣≈≈≈≈≈≈♣#.....##
...###.....♣≈≈≈≈≈≈≈≈+...... ,
....##.....♣≈≈≈≈≈≈≈♣#....#..
,,, ..#..#....♣.≈≈≈≈@≈≈♣≈, ,
, .####.....♣≈≈≈P≈≈P♣♣ , ,,*
,* .# #....P♣♣♣≈≈≈≈≈≈♣ **,,,
## #.....♣♣♣♣≈PP≈P♣ , ### * #
#........♣♣♣≈!P♣ ♣♣♣.### #
##..........♣♣♣♣♣*♣♣♣♣.....#
#.............# #........##
#............### #.>.......#
###....###.....####.[.......#


You could see an oklob plant and an oklob sapling.

Vanquished Creatures
  A two-headed ogre (D:8)
  Prince Ribbit (D:5)
  4 hornets (D:8)
  Grinder (D:5)
  Eustachio (D:6)
  Menkaure (D:6)
  A soldier ant (D:8)
  2 sky beasts
  A water moccasin (D:8)
  An ice beast (D:5)
  A phantom (D:8)
  5 ogres
  2 centaurs (D:8)
  3 bullfrogs
  4 scorpions
  5 killer bees (D:8)
  The ghost of Squigly the Insei, a weakling DsTm of Cheibriados (D:3)
  A howler monkey (D:6)
  6 crimson imps
  A bullfrog zombie (D:8)
  2 jellies (D:6)
  5 orc priests
  6 orc wizards
  2 bullfrog skeletons
  4 hounds
  Jessica (D:2)
  An iguana (D:8)
  Terence (D:2)
  4 worker ants
  8 mummies (Ossuary)
  A hound skeleton (D:4)
  Robin (D:2)
  11 gnolls
  A howler monkey skeleton (D:8)
  13 adders
  2 shadow imps (D:7)
  An ooze (D:1)
  An adder skeleton (D:7)
  An adder zombie (D:8)
  2 worms
  A dart slug (D:3)
  4 leopard geckos
  25 orcs
  8 ball pythons
  8 bats
  5 giant cockroaches
  12 goblins
  10 hobgoblins
  7 jackals
  5 quokkas
  8 frilled lizards
  3 hobgoblin zombies (Ossuary)
  9 kobolds
  3 kobold zombies (Ossuary)
  2 orc zombies (Ossuary)
  5 rats
  A plant (D:8)
227 creatures vanquished.

Vanquished Creatures (others)
  A bush (D:8)
  3 plants (D:8)
4 creatures vanquished.

Grand Total: 231 creatures vanquished

Notes
Turn   | Place    | Note
-------+----------+-------------------------------------------
     0 | D:1      | Lovchig the Deep Dwarf Fighter began the quest for the Orb.
     0 | D:1      | Reached XP level 1. HP: 20/20 MP: 1/1
   118 | D:1      | Reached XP level 2. HP: 16/27 MP: 2/2
   356 | D:1      | Reached XP level 3. HP: 19/34 MP: 3/3
   753 | D:2      | Reached skill level 3 in Axes
   777 | D:2      | Reached skill level 1 in Dodging
   777 | D:2      | Reached XP level 4. HP: 14/42 MP: 4/4
   930 | D:2      | Noticed Jessica
   937 | D:2      | Killed Jessica
   945 | D:2      | Found a faded altar of an unknown god.
   990 | D:2      | Noticed Terence
   995 | D:2      | Reached XP level 5. HP: 34/49 MP: 5/5
   999 | D:2      | Killed Terence
  1024 | D:2      | Noticed Robin
  1032 | D:2      | Killed Robin
  1032 | D:2      | Reached skill level 4 in Axes
  1326 | D:3      | Noticed Squigly's ghost (weakling DsTm)
  1332 | D:3      | Killed Squigly's ghost
  1332 | D:3      | Reached XP level 6. HP: 33/56 MP: 5/5
  2049 | D:4      | Reached skill level 5 in Axes
  2061 | D:4      | Found an opulent altar of Gozag.
  2113 | D:4      | Reached skill level 5 in Shields
  2374 | D:4      | Reached XP level 7. HP: 34/63 MP: 6/6
  2382 | D:4      | Found a stormy altar of Qazlal.
  2778 | D:4      | Reached skill level 6 in Axes
  2962 | D:5      | Entered Level 5 of the Dungeon
  3009 | D:5      | Got a pair of crude boots
  3015 | D:5      | Identified the +0 pair of boots of Jigsaw {*Corrode rF++ MP+9 Int+3} (You found it on level 5 of the Dungeon)
  3025 | D:5      | Found a sand-covered staircase.
  3030 | Ossuary  | Entered an ossuary
  3213 | D:5      | Noticed Prince Ribbit
  3412 | D:5      | Reached XP level 8. HP: 53/72 MP: 7/7
  3435 | D:5      | Reached skill level 5 in Armour
  3525 | D:5      | Killed Prince Ribbit
  3525 | D:5      | Reached skill level 7 in Axes
  3631 | D:5      | Noticed Grinder
  3650 | D:5      | Paralysed by Grinder for 2 turns
  3659 | D:5      | Killed Grinder
  3659 | D:5      | Reached skill level 8 in Axes
  4061 | D:5      | Got an iridescent dagger
  4189 | D:6      | Gained mutation: You passively map the area around you. [Deep Dwarf growth]
  4189 | D:6      | Reached XP level 9. HP: 35/80 MP: 7/7
  4482 | D:6      | Reached skill level 9 in Axes
  4484 | D:6      | Reached skill level 5 in Fighting
  4493 | D:6      | Noticed Menkaure
  4501 | D:6      | Killed Menkaure
  4571 | D:6      | Found Dosol's Book Shoppe.
  4645 | D:6      | Noticed Eustachio
  4658 | D:6      | Killed Eustachio
  4828 | D:6      | Found a burning altar of Makhleb.
  4829 | D:6      | Found a radiant altar of Vehumet.
  4841 | D:6      | Became a worshipper of Makhleb the Destroyer
  4963 | D:7      | Found a staircase to the Ecumenical Temple.
  5865 | D:8      | Reached * piety under Makhleb
  5865 | D:8      | Reached skill level 10 in Axes
  5879 | D:8      | Paralysed by a hornet for 1 turns
  5925 | D:8      | Reached skill level 5 in Dodging
  5947 | D:8      | Noticed a two-headed ogre
  5960 | D:8      | Killed a two-headed ogre
  5960 | D:8      | Reached XP level 10. HP: 50/91 MP: 5/5
  6394 | D:8      | Paralysed by a hornet for 3 turns
  6402 | D:8      | Paralysed by a hornet for 1 turns
  6418 | D:8      | Paralysed by a hornet for 2 turns
  6436 | D:8      | Reached ** piety under Makhleb
  6731 | D:8      | Noticed an oklob plant
  6752 | D:8      | Killed from afar by an oklob sapling

Skill      XL: |  1  2  3  4  5  6  7  8  9 10 |
---------------+-------------------------------+-----
Fighting       | 3 4 5 6 |  6.0
Axes           | 3 4 5 6 8 10 | 10.7
Dodging        | 1 2 3 4 5 |  5.5
Shields        | 4 5 6 8 |  8.5
Armour         | 4 5 7 |  7.4

Action                   |  1- 3 |  4- 6 |  7- 9 | 10-12 || total
-------------------------+-------+-------+-------+-------++-------
Melee: War axe           |   122 |   232 |   470 |    79 ||   903
 Abil: Heal Wounds       |     1 |     6 |    17 |     8 ||    32
  Use: Scroll            |     4 |     2 |     9 |       ||    15
       Potion            |       |       |       |     2 ||     2
  Eat: Chunk             |       |     6 |    12 |     2 ||    20
Armor: Scale mail        |     8 |       |       |       ||     8
       Plate armour      |    94 |   124 |   261 |    47 ||   526
Dodge: Dodged            |    30 |    45 |   118 |    36 ||   229
Block: Shield            |    96 |   118 |   266 |    68 ||   548
